 Dungeon Crawl Stone Soup version 0.29.0-4-gdea44cf6ec (webtiles) character file.

Game seed: 1453207856104199349

23177 qw the Brawler (level 12, -5/118 HPs)
             Began as a Troll Cinder Acolyte on Sept 3, 2022.
             Was an Initiate of Okawaru.
             Slain by a yak (15 damage)
             ... on level 5 of the Lair of Beasts.
             The game lasted 00:06:47 (12836 turns).

qw the Brawler (Troll Cinder Acolyte)              Turns: 12836, Time: 00:06:47

Health: -5/118     AC: -2    Str: 34    XL:     12   Next: 69%
Magic:  12/13      EV: 10    Int: 10    God:    Okawaru [......]
Gold:   1337       SH:  0    Dex:  5    Spells: 13/13 levels left

rFire   . . .      SeeInvis .     - Unarmed
rCold   . . .      Faith    .   (no shield)
rNeg    . . .      Spirit   .   d - +1 robe of Liexec {rPois Will- Str+5 Stlth+}
rPois   +          Reflect  .   (helmet restricted)
rElec   .          Harm     .   (no cloak)
rCorr   .          Rampage  .   (gloves unavailable)
Will    .....                   (boots unavailable)
Stlth   +++.......              (no amulet)
HPRegen 1.09/turn               g - +4 ring of protection
MPRegen 0.13/turn               (no ring)

@: about to teleport, heroic, corroded, fire susceptible
A: large, unfitting armour, claws 3, regeneration 1, shaggy fur 1, tough skin 1
a: Renounce Religion


You were on level 5 of the Lair of Beasts.
You worshipped Okawaru.
Okawaru was noncommittal.
You visited 3 branches of the dungeon, and saw 15 of its levels.

You collected 1753 gold pieces.
You spent 416 gold pieces at shops.


Innate Abilities, Weirdness & Mutations

You are too large for most types of armour.
You have claws for hands.
Your natural rate of healing is unusually fast.
You are covered in fur. (AC +1)
You have tough skin. (AC +1)


   Skills:
 - Level 7.1(12.1) Fighting
 - Level 7.0(12.0) Throwing
 - Level 2.0(7.0) Dodging
 + Level 17.8(22.8) Unarmed Combat
 - Level 1.0 Spellcasting
 - Level 2.1 Fire Magic
 - Level 3.0 Invocations


You had 13 spell levels left.
You didn't know any spells.
Your spell library contained the following spells:

 Spells                   Type           Power      Damage    Failure   Level
 Scorch                   Fire           8%         2d5       22%         2

Inventory:

Missiles
 h - 6 boomerangs
 o - 4 large rocks (quivered)
Armour
 d - the +1 robe of Liexec (worn) {rPois Will- Str+5 Stlth+}
   (You bought it in a shop on level 6 of the Dungeon)

   Str:       It affects your strength (+5).
   rPois:     It protects you from poison.
   Will:      It decreases your willpower.
   Stlth:     It makes you more stealthy.
 p - +0 steam dragon scales
Jewellery
 g - a +4 ring of protection (left claw)
Scrolls
 f - 2 scrolls of identify
 i - 2 scrolls of enchant armour
 m - 4 scrolls of enchant weapon
 n - a scroll of teleportation
Potions
 b - 4 potions of might
 c - 4 potions of resistance
 e - a potion of mutation
 j - a potion of haste
 l - 10 potions of curing

Dungeon Overview and Level Annotations

Branches:
Dungeon (9/15)             Temple (1/1) D:4            Lair (5/5) D:9
  Swamp (0/4) Lair:3        Snake (0/4) Lair:3        Slime (0/5) Lair:5
    Orc: D:9-12

Altars:
Ashenzari
Cheibriados
Dithmenos
Fedhas
Gozag
Hepliaklqana
Kikubaaqudgha
Makhleb
Nemelex Xobeh
Okawaru
Qazlal
Ru
Trog
Uskayaw
Vehumet
Wu Jian
Xom
Yredelemnul
Zin
The Shining One

Shops:
D:5 (   D:6 (*[[!

Portals:
Abyss: D:4

Annotations:
D:4 2 transporters, qw's ghost, novice FoCA
D:6 1 runed translucent door, Crazy Yiuf


Message History

12825 ||| Stepping ~*~*~tactically~*~*~ (outnumbered).
The basilisk barely misses you. The oklob plant spits acid at you.
The splash of acid hits you! The acid corrodes you!
You closely miss the basilisk.
You claw the basilisk, but do no damage.
The oklob plant spits acid at you. The splash of acid hits you!
The basilisk closely misses you.
12828 ||| READING 3 scrolls of teleportation.
As you read the scroll of teleportation, it crumbles to dust.
You feel strangely unstable. The oklob plant spits acid at you.
The splash of acid hits you!! The basilisk bites you!
12829 ||| DRINKING potion of heal wounds.
You feel much better. The oklob plant spits acid at you.
The splash of acid hits you!! The basilisk bites you.
You claw the basilisk!
The basilisk is heavily wounded.
You eviscerate the basilisk!!!
You kill the basilisk!
Okawaru accepts your kill.
12832 ||| Stepping ~*~*~tactically~*~*~ (outnumbered).
Your surroundings suddenly seem different. 6 yaks come into view.
Found an escape hatch in the ceiling.
The yak bellows! x4; You hear an angry hiss.
You hear a roar!
There is an escape hatch in the ceiling here.
Enter note:
12833 ||| READING 2 scrolls of teleportation.
As you read the scroll of teleportation, it crumbles to dust.
You feel strangely unstable. The yak gores you!! The yak barely misses you.
12834 ||| Stepping ~*~*~tactically~*~*~ (outnumbered).
A water moccasin comes into view.
A six-headed hydra comes into view.
12835 ||| Stepping ~*~*~tactically~*~*~ (outnumbered).
You scratch the yak but do no damage. The yak gores you!
You die...

.....##........
................
.............D..
............P.
.P#..........##
..P....S......#
..P..PP.......#
#...#@Y....#
#YYY....##
#....#.Y<....#
#.....Y.....#...
##..........#
#............
................
................
.##P....#..P.###


You could see a six-headed hydra, 6 yaks and a water moccasin.

Vanquished Creatures
  Harold (D:9)
  2 boulder beetles
  A two-headed ogre (D:8)
  3 death yaks (Lair:3)
  A bog body (Lair:3)
  3 elephants (Lair:4)
  A black mamba (Lair:1)
  6 cane toads
  Psyche (D:8)
  10 komodo dragons
  A troll (D:9)
  A polar bear (Lair:3)
  A hornet (D:9)
  9 blink frogs
  A slime creature (D:8)
  4 wyverns
  22 yaks
  3 basilisks
  Grum (D:8)
  3 steam dragons
  2 nagas (Lair:3)
  An acid dragon (D:8)
  7 water moccasins
  2 black bears (D:6)
  A sky beast (D:7)
  A swamp drake (D:9)
  2 orc warriors (D:8)
  An ice beast (D:7)
  4 ogres
  16 wolves
  A centaur (D:8)
  A phantom (D:7)
  2 kobold brigands
  9 bullfrogs
  A gnoll sergeant (D:7)
  A necrophage (D:6)
  2 scorpions
  4 wights (D:8)
  An elephant simulacrum (Lair:2)
  4 killer bees (D:8)
  A howler monkey (D:8)
  An electric eel (Lair:1)
  2 jellies
  An orc priest (D:5)
  4 hounds
  A gnoll bouda (D:8)
  3 iguanas
  9 orc wizards
  6 adders
  11 gnolls
  A shadow imp (D:4)
  2 white imps (D:8)
  2 ufetubi
  5 dart slugs
  21 orcs
  5 ball pythons
  2 bats (D:1)
  5 endoplasms
  A giant cockroach (D:3)
  9 goblins
  3 hobgoblins
  2 quokkas (D:1)
  17 kobolds
  3 rats
255 creatures vanquished.

Vanquished Creatures (others)
  2 killer bees (D:8)
  19 fungi
  24 plants
45 creatures vanquished.

Grand Total: 300 creatures vanquished

Notes
Turn   | Place    | Note
-------+----------+-------------------------------------------
     0 | D:1      | qw the Troll Cinder Acolyte began the quest for the Orb.
     0 | D:1      | Reached XP level 1. HP: 22/22 MP: 1/1
     0 | D:1      | 0 ||| qw: Version: 0.1-a-102-g441f92d
     0 | D:1      | 0 ||| qw: Game counter: 5134
     0 | D:1      | 0 ||| qw: Always use a shield: true
     0 | D:1      | 0 ||| qw: God list: Okawaru
     0 | D:1      | 0 ||| qw: Allow faded altars: false
     0 | D:1      | 0 ||| qw: Do Orc after D:15 true
     0 | D:1      | 0 ||| qw: Do second Lair branch before Depths: true
     0 | D:1      | 0 ||| qw: Lair rune preference: random
     0 | D:1      | 0 ||| qw: Plans: Normal
     0 | D:1      | 0 ||| PLANNING D:1-11
   315 | D:1      | Reached XP level 2. HP: 29/29 MP: 2/2
   335 | D:1      | Found a faded altar of an unknown god.
   596 | D:1      | 596 ||| Stepping ~*~*~tactically~*~*~ (stealth).
   609 | D:1      | Reached skill level 4 in Unarmed Combat
   704 | D:1      | 704 ||| Stepping ~*~*~tactically~*~*~ (hiding).
   705 | D:1      | 705 ||| Stepping ~*~*~tactically~*~*~ (hiding).
   712 | D:1      | Reached XP level 3. HP: 36/36 MP: 3/3
   985 | D:1      | 985 ||| READING 3 scrolls labelled BOMIKI EPURI.
   986 | D:1      | 986 ||| READING scroll labelled OFOZOMISOD.
   987 | D:1      | 987 ||| READING scroll labelled CILOTUS BEAQI.
   988 | D:1      | 988 ||| READING scroll labelled LACHAA XYVEAV.
   993 | D:1      | 993 ||| READING 2 scrolls labelled LECEAJ WEENAPP.
  1012 | D:1      | 1012 ||| READING scroll labelled NICIFF HYCYMA.
  1013 | D:1      | 1013 ||| READING 2 scrolls of identify.
  1013 | D:1      | 1013 ||| IDENTIFYING silvery potion
  1014 | D:1      | 1014 ||| DROPPING scroll of torment.
  1834 | D:2      | 1834 ||| READING scroll labelled MODGHI DOFFO.
  1835 | D:2      | 1835 ||| READING scroll labelled QOSTRI ROUB.
  1836 | D:2      | 1836 ||| DRINKING 2 bubbling emerald potions.
  1937 | D:2      | 1937 ||| DROPPING potion of ambrosia.
  2038 | D:3      | 2038 ||| Stepping ~*~*~tactically~*~*~ (stealth).
  2039 | D:3      | 2039 ||| Stepping ~*~*~tactically~*~*~ (stealth).
  2040 | D:3      | 2040 ||| Stepping ~*~*~tactically~*~*~ (stealth).
  2107 | D:3      | 2107 ||| Stepping ~*~*~tactically~*~*~ (stealth).
  2110 | D:3      | 2110 ||| INVOKING Fiery Armour.
  2113 | D:3      | Reached skill level 5 in Unarmed Combat
  2113 | D:3      | Reached XP level 4. HP: 43/44 MP: 4/4
  2113 | D:3      | 2113 ||| Stepping ~*~*~tactically~*~*~ (stealth).
  2290 | D:3      | 2290 ||| Stepping ~*~*~tactically~*~*~ (hiding).
  2519 | D:3      | Found a glowing silver altar of Zin.
  2519 | D:3      | Found a hide-covered altar of Uskayaw.
  2519 | D:3      | Found a glowing golden altar of the Shining One.
  2780 | D:3      | 2780 ||| INVOKING Fiery Armour.
  2792 | D:3      | Reached XP level 5. HP: 50/50 MP: 5/5
  3032 | D:3      | 3032 ||| READING scroll labelled YBA MEKHEONIC.
  3033 | D:3      | 3033 ||| DRINKING 2 golden potions.
  3069 | D:4      | Reached skill level 6 in Unarmed Combat
  3106 | D:4      | Found a one-way gate to the infinite horrors of the Abyss.
  3106 | D:4      | Noticed qw's ghost (novice FoCA)
  3119 | D:4      | Found a transporter.
  3197 | D:4      | Noticed an ogre
  3206 | D:4      | Killed an ogre
  3207 | D:4      | Reached XP level 6. HP: 59/59 MP: 6/6
  3240 | D:4      | Found a transporter.
  3275 | D:4      | Reached skill level 7 in Unarmed Combat
  3325 | D:4      | Found a staircase to the Ecumenical Temple.
  3634 | D:4      | 3634 ||| DRINKING 3 inky potions.
  3660 | D:5      | Entered Level 5 of the Dungeon
  3673 | D:5      | 3673 ||| INVOKING Fiery Armour.
  3677 | D:5      | 3677 ||| Stepping ~*~*~tactically~*~*~ (outnumbered).
  3682 | D:5      | 3682 ||| FLEEEEING.
  3683 | D:5      | 3683 ||| STAIRDANCE
  3822 | D:5      | Reached skill level 8 in Unarmed Combat
  3822 | D:5      | Reached XP level 7. HP: 39/66 MP: 7/7
  3857 | D:5      | 3857 ||| Stepping ~*~*~tactically~*~*~ (stealth).
  3863 | D:5      | Reached skill level 3 in Fighting
  3893 | D:5      | Found a basalt altar of Yredelemnul.
  3983 | D:5      | Found Aclanuib's Weapon Shop.
  4262 | D:5      | 4262 ||| READING scroll labelled MAEFYS MICAETH.
  4263 | D:5      | 4263 ||| READING 3 scrolls of identify.
  4263 | D:5      | 4263 ||| IDENTIFYING lumpy clear potion
  4264 | D:5      | 4264 ||| READING 2 scrolls of identify.
  4264 | D:5      | 4264 ||| IDENTIFYING fuming yellow potion
  4316 | D:6      | Reached skill level 9 in Unarmed Combat
  4323 | D:6      | Found an ancient bone altar of Kikubaaqudgha.
  4354 | D:6      | 4354 ||| Stepping ~*~*~tactically~*~*~ (stealth).
  4355 | D:6      | 4355 ||| Stepping ~*~*~tactically~*~*~ (stealth).
  4361 | D:6      | 4361 ||| Stepping ~*~*~tactically~*~*~ (stealth).
  4366 | D:6      | 4366 ||| Stepping ~*~*~tactically~*~*~ (outnumbered).
  4368 | D:6      | 4368 ||| Stepping ~*~*~tactically~*~*~ (stealth).
  4369 | D:6      | 4369 ||| Stepping ~*~*~tactically~*~*~ (stealth).
  4372 | D:6      | Reached skill level 1 in Dodging
  4375 | D:6      | 4375 ||| INVOKING Fiery Armour.
  4377 | D:6      | Reached XP level 8. HP: 24/75 MP: 8/8
  4378 | D:6      | HP: 18/75 [poisoned by a kobold brigand]
  4383 | D:6      | 4383 ||| FLEEEEING.
  4383 | D:6      | HP: 8/75 [poisoned by a kobold brigand]
  4384 | D:6      | 4384 ||| READING 2 scrolls of teleportation.
  4385 | D:6      | 4385 ||| DRINKING potion of heal wounds.
  4387 | D:6      | 4387 ||| FLEEEEING.
  4388 | D:6      | 4388 ||| FLEEEEING.
  4396 | D:6      | 4396 ||| STAIRDANCE
  4604 | D:6      | Found an opulent altar of Gozag.
  4618 | D:6      | Reached skill level 1 in Throwing
  4623 | D:6      | Found a shadowy altar of Dithmenos.
  4692 | D:6      | Found Zuututam's Armour Shop.
  4721 | D:6      | 4721 ||| Stepping ~*~*~tactically~*~*~ (hiding).
  4731 | D:6      | Found Icrodiri's Armour Boutique.
  4740 | D:6      | 4740 ||| BUYING +1 robe of Liexec {rPois Will- Str+5
                  | Stlth+} (338 gold).
  4740 | D:6      | Bought the +1 robe of Liexec {rPois Will- Str+5 Stlth+} for
                  | 338 gold pieces
  4909 | D:6      | Found Zyviet's Distillery.
  4915 | D:6      | 4915 ||| SHOPLISTING 2 potions of haste (260 gold, have
                  | 138).
  4915 | D:6      | 4915 ||| BUYING potion of curing (39 gold).
  4915 | D:6      | Bought a potion of curing for 39 gold pieces
  4915 | D:6      | 4915 ||| BUYING potion of curing (39 gold).
  4915 | D:6      | Bought a potion of curing for 39 gold pieces
  4915 | D:6      | 4915 ||| SHOPLISTING potion of haste (130 gold, have 60).
  4915 | D:6      | 4915 ||| SHOPLISTING potion of resistance (130 gold, have
                  | 60).
  5028 | D:6      | Found a runed translucent door.
  5029 | D:6      | Noticed Crazy Yiuf
  5079 | D:6      | Found Kyrr's Weapon Shop.
  5198 | D:6      | Found Oghuotan's Assorted Antiques.
  5201 | D:6      | 5201 ||| SHOPLISTING potion of curing (84 gold, have 60).
  5201 | D:6      | 5201 ||| SHOPLISTING scroll of enchant armour (210 gold,
                  | have 60).
  5201 | D:6      | 5201 ||| SHOPLISTING scroll of enchant weapon (210 gold,
                  | have 60).
  5254 | D:6      | 5254 ||| UPGRADING to +1 robe of Liexec {rPois Will- Str+5
                  | Stlth+}.
  5264 | D:6      | 5264 ||| DROPPING +0 robe.
  5265 | D:6      | 5265 ||| DRINKING 2 coppery potions.
  5266 | D:6      | 5266 ||| DROPPING potion of attraction.
  5361 | D:5      | 5361 ||| READING scroll of teleportation.
  5460 | D:7      | 5460 ||| Stepping ~*~*~tactically~*~*~ (stealth).
  5467 | D:7      | Reached skill level 10 in Unarmed Combat
  5477 | D:7      | 5477 ||| Stepping ~*~*~tactically~*~*~ (hiding).
  5579 | D:7      | 5579 ||| Stepping ~*~*~tactically~*~*~ (hiding).
  5583 | D:7      | 5583 ||| Stepping ~*~*~tactically~*~*~ (outnumbered).
  5588 | D:7      | 5588 ||| Stepping ~*~*~tactically~*~*~ (outnumbered).
  5589 | D:7      | 5589 ||| INVOKING Fiery Armour.
  5598 | D:7      | HP: 19/78 [gnoll sergeant/+0 spear (3)]
  5650 | D:7      | 5650 ||| Stepping ~*~*~tactically~*~*~ (stealth).
  5857 | D:7      | 5857 ||| Stepping ~*~*~tactically~*~*~ (stealth).
  5859 | D:7      | 5859 ||| Stepping ~*~*~tactically~*~*~ (stealth).
  5861 | D:7      | 5861 ||| Stepping ~*~*~tactically~*~*~ (stealth).
  5863 | D:7      | 5863 ||| Stepping ~*~*~tactically~*~*~ (stealth).
  5867 | D:7      | 5867 ||| Stepping ~*~*~tactically~*~*~ (stealth).
  5879 | D:7      | 5879 ||| DRINKING 5 potions of curing.
  5879 | D:7      | 5879 ||| (to cure confusion)
  5989 | D:7      | 5989 ||| Stepping ~*~*~tactically~*~*~ (stealth).
  6006 | D:7      | Reached skill level 11 in Unarmed Combat
  6017 | D:7      | Reached XP level 9. HP: 76/84 MP: 9/9
  6041 | D:7      | 6041 ||| Stepping ~*~*~tactically~*~*~ (stealth).
  6225 | D:8      | Noticed Grum
  6226 | D:8      | 6226 ||| INVOKING Fiery Armour.
  6227 | D:8      | 6227 ||| Stepping ~*~*~tactically~*~*~ (outnumbered).
  6228 | D:8      | 6228 ||| Stepping ~*~*~tactically~*~*~ (outnumbered).
  6247 | D:8      | Killed Grum
  6307 | D:8      | Noticed Psyche
  6314 | D:8      | Reached skill level 12 in Unarmed Combat
  6323 | D:8      | Killed Psyche
  6370 | D:8      | 6370 ||| Stepping ~*~*~tactically~*~*~ (hiding).
  6378 | D:8      | 6378 ||| FLEEEEING.
  6379 | D:8      | 6379 ||| FLEEEEING.
  6383 | D:8      | 6383 ||| FLEEEEING.
  6384 | D:8      | 6384 ||| FLEEEEING.
  6385 | D:8      | 6385 ||| FLEEEEING.
  6387 | D:8      | 6387 ||| FLEEEEING.
  6388 | D:8      | 6388 ||| FLEEEEING.
  6389 | D:8      | 6389 ||| FLEEEEING.
  6390 | D:8      | 6390 ||| FLEEEEING.
  6391 | D:8      | 6391 ||| FLEEEEING.
  6392 | D:8      | 6392 ||| FLEEEEING.
  6395 | D:8      | 6395 ||| FLEEEEING.
  6396 | D:8      | 6396 ||| FLEEEEING.
  6426 | D:8      | 6426 ||| Stepping ~*~*~tactically~*~*~ (stealth).
  6759 | D:8      | 6759 ||| Stepping randomly (stuck).
  6760 | D:8      | 6760 ||| Stepping randomly (stuck).
  6762 | D:8      | 6762 ||| Stepping randomly (stuck).
  6764 | D:8      | 6764 ||| Stepping randomly (stuck).
  6765 | D:8      | 6765 ||| Stepping randomly (stuck).
  6767 | D:8      | 6767 ||| Stepping randomly (stuck).
  6768 | D:8      | 6768 ||| Stepping randomly (stuck).
  6770 | D:8      | 6770 ||| Stepping randomly (stuck).
  6772 | D:8      | 6772 ||| Stepping randomly (stuck).
  6773 | D:8      | 6773 ||| Stepping randomly (stuck).
  6774 | D:8      | 6774 ||| Stepping randomly (stuck).
  6775 | D:8      | 6775 ||| Stepping randomly (stuck).
  6776 | D:8      | 6776 ||| Stepping randomly (stuck).
  6777 | D:8      | 6777 ||| Stepping randomly (stuck).
  6778 | D:8      | 6778 ||| Stepping randomly (stuck).
  6779 | D:8      | 6779 ||| Stepping randomly (stuck).
  6780 | D:8      | 6780 ||| Stepping randomly (stuck).
  6781 | D:8      | 6781 ||| Stepping randomly (stuck).
  6782 | D:8      | 6782 ||| Stepping randomly (stuck).
  6783 | D:8      | 6783 ||| Stepping randomly (stuck).
  6784 | D:8      | 6784 ||| Stepping randomly (stuck).
  6785 | D:8      | 6785 ||| Stepping randomly (stuck).
  6786 | D:8      | 6786 ||| Stepping randomly (stuck).
  6787 | D:8      | 6787 ||| Stepping randomly (stuck).
  6788 | D:8      | 6788 ||| Stepping randomly (stuck).
  6789 | D:8      | 6789 ||| Stepping randomly (stuck).
  6790 | D:8      | 6790 ||| Stepping randomly (stuck).
  6791 | D:8      | 6791 ||| Stepping randomly (stuck).
  6827 | D:8      | 6827 ||| Stepping randomly (stuck).
  6842 | D:8      | 6842 ||| Stepping randomly (stuck).
  6844 | D:8      | 6844 ||| Stepping randomly (stuck).
  6869 | D:8      | 6869 ||| Stepping ~*~*~tactically~*~*~ (stealth).
  6893 | D:8      | Noticed a two-headed ogre
  6899 | D:8      | 6899 ||| INVOKING Fiery Armour.
  6900 | D:8      | Killed a two-headed ogre
  6901 | D:8      | Reached skill level 13 in Unarmed Combat
  6901 | D:8      | Reached XP level 10. HP: 37/96 MP: 10/10
  6901 | D:8      | 6901 ||| FLEEEEING.
  6903 | D:8      | HP: 24/96 [slime creature (6)]
  6980 | D:8      | Identified the +6 great sword of Moral Flaws {flame, +Blink
                  | rN+ Int+2}
  7032 | D:8      | 7032 ||| Stepping ~*~*~tactically~*~*~ (hiding).
  7047 | D:8      | 7047 ||| DRINKING 2 metallic ruby potions.
  7048 | D:8      | 7048 ||| READING scroll of teleportation.
  7445 | D:8      | 7445 ||| INVOKING Fiery Armour.
  7446 | D:8      | 7446 ||| Stepping ~*~*~tactically~*~*~ (outnumbered).
  7454 | D:8      | 7454 ||| Stepping ~*~*~tactically~*~*~ (outnumbered).
  7459 | D:8      | 7459 ||| READING scroll labelled HUME UQUM SOSM.
  7459 | D:8      | Identified a scroll of acquirement
  7459 | D:8      | 7459 ||| ACQUIRING 637 gold pieces
  7459 | D:8      | Acquired 637 gold pieces
  7461 | D:8      | 7461 ||| READING scroll labelled KOKLYO JEFE.
  7527 | D:9      | Noticed Harold
  7531 | D:9      | Killed Harold
  7532 | D:9      | Reached skill level 14 in Unarmed Combat
  7612 | D:9      | 7612 ||| Stepping ~*~*~tactically~*~*~ (stealth).
  7613 | D:9      | 7613 ||| Stepping ~*~*~tactically~*~*~ (stealth).
  7721 | D:9      | 7721 ||| INVOKING Fiery Armour.
  7732 | D:9      | Reached skill level 6 in Fighting
  7768 | D:9      | 7768 ||| Stepping ~*~*~tactically~*~*~ (stealth).
  7772 | D:9      | 7772 ||| Stepping ~*~*~tactically~*~*~ (stealth).
  7783 | D:9      | 7783 ||| Stepping ~*~*~tactically~*~*~ (stealth).
  7786 | D:9      | 7786 ||| Stepping ~*~*~tactically~*~*~ (stealth).
  7788 | D:9      | 7788 ||| Stepping ~*~*~tactically~*~*~ (stealth).
  7816 | D:9      | Found a staircase to the Lair.
  7836 | D:9      | Reached skill level 15 in Unarmed Combat
  8047 | D:9      | 8047 ||| Stepping ~*~*~tactically~*~*~ (stealth).
  8048 | D:9      | 8048 ||| Stepping ~*~*~tactically~*~*~ (stealth).
  8056 | D:9      | 8056 ||| Stepping ~*~*~tactically~*~*~ (stealth).
  8058 | D:9      | 8058 ||| Stepping ~*~*~tactically~*~*~ (stealth).
  8060 | D:9      | 8060 ||| Stepping ~*~*~tactically~*~*~ (stealth).
  8068 | D:9      | 8068 ||| Stepping ~*~*~tactically~*~*~ (outnumbered).
  8071 | D:9      | 8071 ||| Stepping ~*~*~tactically~*~*~ (outnumbered).
  8072 | D:9      | 8072 ||| Stepping ~*~*~tactically~*~*~ (outnumbered).
  8160 | D:9      | 8160 ||| PLANNING LAIR
  8160 | D:9      | 8160 ||| READING scroll labelled UCONKE MUIFIDWI.
  8161 | D:9      | 8161 ||| DRINKING 2 gluggy clear potions.
  8162 | D:9      | 8162 ||| READING 3 scrolls of identify.
  8162 | D:9      | 8162 ||| IDENTIFYING ruby potion
  8163 | D:9      | 8163 ||| READING 2 scrolls of identify.
  8163 | D:9      | 8163 ||| IDENTIFYING fuming puce potion
  8164 | D:9      | 8164 ||| DROPPING potion of invisibility.
  8165 | D:9      | 8165 ||| DROPPING potion of magic.
  8166 | D:9      | 8166 ||| DROPPING potion of flight.
  8271 | Lair:1   | Entered Level 1 of the Lair of Beasts
  8271 | Lair:1   | Noticed a cane toad
  8288 | Lair:1   | Killed a cane toad
  8289 | Lair:1   | Reached XP level 11. HP: 82/105 MP: 11/11
  8316 | Lair:1   | 8316 ||| INVOKING Fiery Armour.
  8318 | Lair:1   | 8318 ||| Stepping ~*~*~tactically~*~*~ (stealth).
  8319 | Lair:1   | 8319 ||| Stepping ~*~*~tactically~*~*~ (stealth).
  8369 | Lair:1   | Noticed a boulder beetle
  8387 | Lair:1   | Killed a boulder beetle
  8557 | Lair:1   | 8557 ||| Stepping ~*~*~tactically~*~*~ (stealth).
  8560 | Lair:1   | 8560 ||| Stepping ~*~*~tactically~*~*~ (stealth).
  8750 | Lair:1   | Reached skill level 16 in Unarmed Combat
  8765 | Lair:1   | 8765 ||| Stepping ~*~*~tactically~*~*~ (outnumbered).
  8766 | Lair:1   | 8766 ||| Stepping ~*~*~tactically~*~*~ (outnumbered).
  8767 | Lair:1   | 8767 ||| Stepping ~*~*~tactically~*~*~ (outnumbered).
  8768 | Lair:1   | 8768 ||| Stepping ~*~*~tactically~*~*~ (outnumbered).
  8769 | Lair:1   | 8769 ||| Stepping ~*~*~tactically~*~*~ (outnumbered).
  8770 | Lair:1   | 8770 ||| Stepping ~*~*~tactically~*~*~ (outnumbered).
  8771 | Lair:1   | 8771 ||| Stepping ~*~*~tactically~*~*~ (outnumbered).
  8772 | Lair:1   | 8772 ||| Stepping ~*~*~tactically~*~*~ (outnumbered).
  8773 | Lair:1   | 8773 ||| Stepping ~*~*~tactically~*~*~ (outnumbered).
  8774 | Lair:1   | 8774 ||| Stepping ~*~*~tactically~*~*~ (outnumbered).
  9376 | Lair:1   | 9376 ||| READING scroll labelled FUGARIK WI LAOFU.
  9377 | Lair:1   | 9377 ||| READING scroll labelled WUCWACADATIHA.
  9378 | Lair:1   | 9378 ||| READING 2 scrolls of identify.
  9378 | Lair:1   | 9378 ||| IDENTIFYING fizzy purple potion
  9379 | Lair:1   | 9379 ||| DROPPING potion of lignification.
  9413 | Lair:2   | 9413 ||| Stepping ~*~*~tactically~*~*~ (stealth).
  9414 | Lair:2   | 9414 ||| Stepping ~*~*~tactically~*~*~ (stealth).
  9518 | Lair:2   | 9518 ||| INVOKING Fiery Armour.
  9522 | Lair:2   | 9522 ||| Stepping ~*~*~tactically~*~*~ (outnumbered).
  9523 | Lair:2   | 9523 ||| Stepping ~*~*~tactically~*~*~ (outnumbered).
  9524 | Lair:2   | 9524 ||| Stepping ~*~*~tactically~*~*~ (outnumbered).
  9525 | Lair:2   | 9525 ||| Stepping ~*~*~tactically~*~*~ (outnumbered).
  9526 | Lair:2   | 9526 ||| Stepping ~*~*~tactically~*~*~ (outnumbered).
  9527 | Lair:2   | 9527 ||| Stepping ~*~*~tactically~*~*~ (outnumbered).
  9528 | Lair:2   | 9528 ||| Stepping ~*~*~tactically~*~*~ (outnumbered).
  9601 | Lair:2   | 9601 ||| Stepping ~*~*~tactically~*~*~ (stealth).
  9686 | Lair:2   | Found a frozen archway.
  9731 | Lair:2   | 9731 ||| Stepping ~*~*~tactically~*~*~ (stealth).
  9735 | Lair:2   | 9735 ||| INVOKING Fiery Armour.
  9747 | Lair:2   | 9747 ||| Stepping ~*~*~tactically~*~*~ (outnumbered).
  9763 | Lair:2   | Reached skill level 17 in Unarmed Combat
  9810 | Lair:2   | 9810 ||| Stepping ~*~*~tactically~*~*~ (stealth).
 10062 | Lair:2   | 10062 ||| Stepping ~*~*~tactically~*~*~ (outnumbered).
 10063 | Lair:2   | 10063 ||| Stepping ~*~*~tactically~*~*~ (outnumbered).
 10064 | Lair:2   | 10064 ||| Stepping ~*~*~tactically~*~*~ (outnumbered).
 10066 | Lair:2   | 10066 ||| Stepping ~*~*~tactically~*~*~ (outnumbered).
 10262 | Lair:3   | 10262 ||| Stepping ~*~*~tactically~*~*~ (stealth).
 10306 | Lair:3   | Reached skill level 3 in Throwing
 10313 | Lair:3   | Reached XP level 12. HP: 109/118 MP: 12/12
 10360 | Lair:3   | 10360 ||| Stepping ~*~*~tactically~*~*~ (hiding).
 10364 | Lair:3   | Found a staircase to the Snake Pit.
 10385 | Lair:3   | 10385 ||| Stepping ~*~*~tactically~*~*~ (stealth).
 10387 | Lair:3   | 10387 ||| Stepping ~*~*~tactically~*~*~ (stealth).
 10389 | Lair:3   | 10389 ||| Stepping ~*~*~tactically~*~*~ (stealth).
 10391 | Lair:3   | 10391 ||| Stepping ~*~*~tactically~*~*~ (stealth).
 10394 | Lair:3   | 10394 ||| Stepping ~*~*~tactically~*~*~ (hiding).
 10395 | Lair:3   | 10395 ||| Stepping ~*~*~tactically~*~*~ (hiding).
 10524 | Lair:3   | Found a staircase to the Swamp.
 10580 | Lair:3   | 10580 ||| Stepping ~*~*~tactically~*~*~ (stealth).
 10583 | Lair:3   | 10583 ||| Stepping ~*~*~tactically~*~*~ (stealth).
 10583 | Lair:3   | Noticed a death yak
 10584 | Lair:3   | 10584 ||| Stepping ~*~*~tactically~*~*~ (stealth).
 10585 | Lair:3   | 10585 ||| INVOKING Fiery Armour.
 10586 | Lair:3   | 10586 ||| Stepping ~*~*~tactically~*~*~ (stealth).
 10587 | Lair:3   | Noticed a death yak
 10594 | Lair:3   | 10594 ||| Stepping ~*~*~tactically~*~*~ (outnumbered).
 10597 | Lair:3   | Killed a death yak
 10597 | Lair:3   | Noticed a death yak
 10602 | Lair:3   | Killed a death yak
 10610 | Lair:3   | Killed a death yak
 10695 | Lair:3   | Reached skill level 6 in Throwing
 10700 | Lair:3   | 10700 ||| PLANNING TEMPLE
 10700 | Lair:3   | 10700 ||| READING scroll labelled RADICRE DA REE.
 10935 | Temple   | Entered the Ecumenical Temple
 10989 | Temple   | 10989 ||| PLANNING CONVERSION TO OKAWARU
 10996 | Temple   | Fell from the grace of Ignis
 10996 | Temple   | Became a worshipper of Warmaster Okawaru
 10997 | Temple   | 10997 ||| PLANNING LAIR
 11254 | Lair:3   | 11254 ||| FLEEEEING.
 11255 | Lair:3   | 11255 ||| FLEEEEING.
 11256 | Lair:3   | 11256 ||| STAIRDANCE
 12104 | Lair:4   | 12104 ||| Stepping ~*~*~tactically~*~*~ (outnumbered).
 12105 | Lair:4   | 12105 ||| Stepping ~*~*~tactically~*~*~ (outnumbered).
 12106 | Lair:4   | 12106 ||| Stepping ~*~*~tactically~*~*~ (outnumbered).
 12107 | Lair:4   | 12107 ||| Stepping ~*~*~tactically~*~*~ (outnumbered).
 12108 | Lair:4   | 12108 ||| Stepping ~*~*~tactically~*~*~ (outnumbered).
 12110 | Lair:4   | 12110 ||| Stepping ~*~*~tactically~*~*~ (outnumbered).
 12111 | Lair:4   | 12111 ||| Stepping ~*~*~tactically~*~*~ (outnumbered).
 12112 | Lair:4   | 12112 ||| Stepping ~*~*~tactically~*~*~ (outnumbered).
 12113 | Lair:4   | 12113 ||| Stepping ~*~*~tactically~*~*~ (outnumbered).
 12114 | Lair:4   | 12114 ||| Stepping ~*~*~tactically~*~*~ (outnumbered).
 12115 | Lair:4   | 12115 ||| Stepping ~*~*~tactically~*~*~ (outnumbered).
 12118 | Lair:4   | Reached * piety under Okawaru
 12147 | Lair:4   | 12147 ||| Stepping ~*~*~tactically~*~*~ (stealth).
 12149 | Lair:4   | 12149 ||| Stepping ~*~*~tactically~*~*~ (stealth).
 12154 | Lair:4   | 12154 ||| INVOKING Heroism.
 12157 | Lair:4   | Reached skill level 1 in Invocations
 12166 | Lair:4   | 12166 ||| INVOKING Heroism.
 12247 | Lair:4   | Noticed a boulder beetle
 12248 | Lair:4   | 12248 ||| INVOKING Heroism.
 12260 | Lair:4   | 12260 ||| Stepping ~*~*~tactically~*~*~ (stealth).
 12261 | Lair:4   | 12261 ||| INVOKING Heroism.
 12263 | Lair:4   | 12263 ||| Stepping ~*~*~tactically~*~*~ (stealth).
 12264 | Lair:4   | Killed a boulder beetle
 12338 | Lair:4   | 12338 ||| INVOKING Heroism.
 12356 | Lair:4   | 12356 ||| INVOKING Heroism.
 12606 | Lair:4   | 12606 ||| UPGRADING to +4 ring of protection.
 12607 | Lair:4   | 12607 ||| DROPPING ring of magical power.
 12608 | Lair:4   | 12608 ||| DRINKING 2 amethyst potions.
 12609 | Lair:4   | 12609 ||| DROPPING potion of brilliance.
 12643 | Lair:5   | Entered Level 5 of the Lair of Beasts
 12651 | Lair:5   | Reached skill level 3 in Invocations
 12664 | Lair:5   | 12664 ||| Stepping ~*~*~tactically~*~*~ (stealth).
 12665 | Lair:5   | Found a staircase to the Slime Pits.
 12666 | Lair:5   | 12666 ||| INVOKING Heroism.
 12667 | Lair:5   | 12667 ||| Stepping ~*~*~tactically~*~*~ (outnumbered).
 12704 | Lair:5   | 12704 ||| INVOKING Heroism.
 12705 | Lair:5   | 12705 ||| Stepping ~*~*~tactically~*~*~ (outnumbered).
 12722 | Lair:5   | 12722 ||| INVOKING Heroism.
 12723 | Lair:5   | 12723 ||| Stepping ~*~*~tactically~*~*~ (outnumbered).
 12748 | Lair:5   | 12748 ||| INVOKING Heroism.
 12749 | Lair:5   | 12749 ||| Stepping ~*~*~tactically~*~*~ (outnumbered).
 12764 | Lair:5   | 12764 ||| Stepping ~*~*~tactically~*~*~ (outnumbered).
 12788 | Lair:5   | 12788 ||| Stepping ~*~*~tactically~*~*~ (stealth).
 12810 | Lair:5   | 12810 ||| INVOKING Heroism.
 12811 | Lair:5   | 12811 ||| Stepping ~*~*~tactically~*~*~ (outnumbered).
 12817 | Lair:5   | 12817 ||| Stepping ~*~*~tactically~*~*~ (stealth).
 12818 | Lair:5   | 12818 ||| Stepping ~*~*~tactically~*~*~ (stealth).
 12821 | Lair:5   | 12821 ||| Stepping ~*~*~tactically~*~*~ (stealth).
 12822 | Lair:5   | 12822 ||| Stepping ~*~*~tactically~*~*~ (outnumbered).
 12823 | Lair:5   | 12823 ||| FLEEEEING.
 12824 | Lair:5   | 12824 ||| INVOKING Heroism.
 12825 | Lair:5   | 12825 ||| Stepping ~*~*~tactically~*~*~ (outnumbered).
 12828 | Lair:5   | 12828 ||| READING 3 scrolls of teleportation.
 12828 | Lair:5   | HP: 22/118 [oklob plant/splash of acid (32)]
 12828 | Lair:5   | HP: 9/118 [basilisk (13)]
 12829 | Lair:5   | 12829 ||| DRINKING potion of heal wounds.
 12832 | Lair:5   | 12832 ||| Stepping ~*~*~tactically~*~*~ (outnumbered).
 12833 | Lair:5   | 12833 ||| READING 2 scrolls of teleportation.
 12833 | Lair:5   | HP: 7/118 [yak (18)]
 12834 | Lair:5   | 12834 ||| Stepping ~*~*~tactically~*~*~ (outnumbered).
 12834 | Lair:5   | Noticed a six-headed hydra
 12835 | Lair:5   | 12835 ||| Stepping ~*~*~tactically~*~*~ (outnumbered).
 12836 | Lair:5   | Slain by a yak

Levels and vault maps discovered:
D:1:      nagdon_arrival_double_spiral, layout_basic,
          shapermc_ecumenical_altar_gd
D:2:      layout_basic
D:3:      layout_loops_corners, chequers_temple_overflow_statue_of_worship,
          kennysheep_generic_room_6
D:4:      layout_loops_ring, minmay_temple_entry_offerings,
          gammafunk_ghost_abyssal_escape
D:5:      layout_rooms, lemuel_doored_altar, serial_shops,
          nicolae_take_the_stairs, dreamdust_wishing_well
D:6:      layout_basic, overflow_temple_1_default,
          grunt_dithmenos_smoke_and_mirrors, kiku_gazebo_pond_becter,
          serial_shops, kennysheep_mini, shop, shop, nicolae_square_shop,
          nicolae_shop_bloodbath_and_beyond, uniq_crazy_yiuf_cottage
D:7:      layout_loops_ring
D:8:      kennysheep_windowed_halls, layout_gridville, chequers_garden,
          uniq_psyche, uniq_grum
D:9:      layout_gridville, erik_lair_dragon, uniq_harold
Temple:   dshaligram_water_room_temple
Lair:1:   hellmonk_destroyed_diamonds, layout_cave_shapes,
          infiniplex_staircase_pool_2, serial_bayou_shore_a
Lair:2:   layout_chaotic_city, portal_ice_cave_entry_ice_simulacra
Lair:3:   layout_misc_corridors, skrybe_swamp_entry_bodies,
          guppyfry_snake_entry_garden
Lair:4:   wander_river, layout_misc_corridors
Lair:5:   guppyfry_lair_end_dragon, layout_long_grid,
          hangedman_lair_caniforms_friends, minmay_slime_entry_oklob_open,
          enter_volcano_2

Skill      XL: |  1  2  3  4  5  6  7  8  9 10 11 12 |
---------------+-------------------------------------+-----
Unarmed Combat | 4 5 6 8 9 11 13 15 17 | 17.8
Fighting       | 3 4 5 6 7 |  7.1
Dodging        | 1 2 |  2.0
Throwing       | 1 3 7 |  7.0
Invocations    | 3 |  3.0
Spellcasting   | |  1.0
Fire Magic     | |  2.1

Action                   |  1- 3 |  4- 6 |  7- 9 | 10-12 || total
-------------------------+-------+-------+-------+-------++-------
Melee: Unarmed           |    81 |    73 |   196 |   328 ||   678
       Punch             |     1 |     1 |     8 |    27 ||    37
Throw: Boomerang         |       |       |    11 |     6 ||    17
       Large rock        |       |       |       |    35 ||    35
Invok: Fiery Armour      |     1 |     2 |     4 |     6 ||    13
       Heroism           |       |       |       |    12 ||    12
  Use: Scroll            |     9 |     1 |     5 |    12 ||    27
       Potion            |     1 |     2 |     3 |     4 ||    10
Armor: Robe              |    29 |    13 |    59 |    71 ||   172
Dodge: Dodged            |    24 |    19 |    78 |   102 ||   223

Table legend:
 A = Non-vault XP
 B = Vault XP
 C = Vault XP percentage of total XP
 D = Non-vault monster count
 E = Vault monster count
 F = Vault count percentage of total count
                 A         B        C        D         E       F
            +---------+---------+-------+---------+---------+-------
      Total |   26246 |    6865 |  20.7 |     218 |      37 |  14.5
            +---------+---------+-------+---------+---------+-------
        D:1 |      45 |       0 |   0.0 |      23 |       0 |   0.0
        D:2 |      40 |       0 |   0.0 |      10 |       0 |   0.0
        D:3 |     135 |       2 |   1.5 |      19 |       1 |   5.0
        D:4 |     245 |       0 |   0.0 |      13 |       0 |   0.0
        D:5 |     757 |       0 |   0.0 |      16 |       0 |   0.0
        D:6 |     611 |       0 |   0.0 |      17 |       0 |   0.0
        D:7 |    1052 |       0 |   0.0 |      17 |       0 |   0.0
        D:8 |     778 |    3321 |  81.0 |      17 |      25 |  59.5
        D:9 |    1314 |    2500 |  65.5 |       6 |       7 |  53.8
     Lair:1 |    4694 |       0 |   0.0 |      17 |       0 |   0.0
     Lair:2 |    5731 |      61 |   1.1 |      28 |       1 |   3.4
     Lair:3 |    5335 |     981 |  15.5 |      16 |       3 |  15.8
     Lair:4 |    5174 |       0 |   0.0 |      17 |       0 |   0.0
     Lair:5 |     335 |       0 |   0.0 |       2 |       0 |   0.0
            +---------+---------+-------+---------+---------+-------
